 Dungeon Crawl Stone Soup version 0.22-a0-283-g1871b15 (webtiles) character file.

1074 tsouns the Shield-Bearer (level 8, -4/67 HPs)
             Began as a Gnoll Fighter on Mar 18, 2018.
             Slain by a bone dragon (26 damage)
             ... on level 1 of the Abyss.
             The game lasted 00:08:15 (3476 turns).

tsouns the Shield-Bearer (Gnoll Fighter)            Turns: 3476, Time: 00:08:16

Health: -4/67      AC: 10    Str: 18    XL:     8   Next: 29%
Magic:  12/12      EV: 11    Int: 14    God:
Gold:   138        SH: 12    Dex: 14    Spells: 13/13 levels left

rFire    . . .     SeeInvis .   a - +1 war axe
rCold    . . .     Gourm    .   c - +1 shield
rNeg     . . .     Faith    .   s - +3 leather armour
rPois    .         Spirit   .   o - +2 helmet
rElec    .         Reflect  .   (no cloak)
rCorr    .         Harm     .   (no gloves)
MR       .....                  (no boots)
Stlth    ++........             (no amulet)
HPRegen  0.21/turn              (no ring)
MPRegen  0.13/turn              (no ring)

@: about to teleport
A: distributed training, fangs 1, strong nose
a: no special abilities


You were on level 1 of the Abyss.
You were not hungry.

You visited 1 branch of the dungeon, and saw 4 of its levels.
You visited the Abyss 1 time.

You collected 138 gold pieces.

Inventory:

Hand Weapons
 a - a +1 war axe (weapon)
 n - a +2 falchion of electrocution
 r - a +0 hunting sling of freezing
Missiles
 j - 8 tomahawks (quivered)
 m - 90 stones
 q - 16 sling bullets
Armour
 b - a +0 scale mail
 c - a +1 shield (worn)
 o - a +2 helmet (worn)
 s - a +3 leather armour (worn)
Scrolls
 d - 3 scrolls of magic mapping
 h - a scroll of enchant armour
 i - 2 scrolls of amnesia
 k - a scroll of identify
Potions
 e - 5 potions of curing
 g - 2 potions of brilliance
Comestibles
 f - 6 rations


   Skills:
 + Level 7.3 Fighting
 + Level 3.1 Short Blades
 + Level 3.1 Long Blades
 + Level 5.5 Axes
 + Level 3.1 Maces & Flails
 + Level 3.1 Polearms
 + Level 3.1 Staves
 + Level 3.1 Slings
 + Level 3.1 Bows
 + Level 3.1 Crossbows
 + Level 3.1 Throwing
 + Level 7.3 Armour
 + Level 3.1 Dodging
 + Level 3.1 Stealth
 + Level 7.3 Shields
 + Level 3.1 Unarmed Combat
 + Level 3.1 Spellcasting
 + Level 2.5 Conjurations
 + Level 2.5 Hexes
 + Level 2.5 Charms
 + Level 2.5 Summonings
 + Level 2.5 Necromancy
 + Level 2.5 Translocations
 + Level 2.5 Transmutations
 + Level 2.5 Fire Magic
 + Level 2.5 Ice Magic
 + Level 2.5 Air Magic
 + Level 2.5 Earth Magic
 + Level 2.5 Poison Magic
 + Level 3.4 Invocations
 + Level 3.1 Evocations


You had 13 spell levels left.
You didn't know any spells.

Dungeon Overview and Level Annotations

Branches:
Dungeon (4/15)
 Temple: D:4-7

Altars:

Annotations:
D:4 Crazy Yiuf


Innate Abilities, Weirdness & Mutations

Your experience applies equally to all skills.
You have very sharp teeth.
Your uncanny sense of smell can sniff out nearby items.


Message History

The bone dragon bites you but does no damage.
The bone dragon claws you! The bone dragon closely misses you.
Found 2 sling bullets.
You see here a runed falchion.
n - a runed falchion The bone dragon bites you.
The bone dragon claws you!!
The bone dragon tramples you but does no damage.
Unknown command.
You hit the lurking horror.
The lurking horror explodes!
Your body is wracked with pain!
You hit the bone dragon but do no damage.
The bone dragon barely misses you. You block the bone dragon's attack.
The bone dragon tramples you but does no damage.
Unknown command.
As you read the scroll of teleportation, it crumbles to dust.
You feel strangely unstable.
You feel the power of the Abyss delaying your translocation!
The bone dragon bites you!!
You die...

##. ##.W..
.#. #
##.###...# ..
### #
###.#.##.##
.#ยง. ..###
#.##.#.#.
..#.#
#..#.....#.#.
.. .##
....##.## #v
## # #
#.#..### #v
## #D.##. ...
.. #@## ...
#....# ...
#..... ..
#......
#.(.....
#.......#
#.......#
#.......#


You could see a bone dragon.

Vanquished Creatures
  Pikel (D:4)
  Sigmund (D:3)
  A slave (D:4)
  A scorpion (D:2)
  2 orc wizards (D:3)
  An orc priest (D:3)
  A bullfrog skeleton (D:4)
  An iguana (D:4)
  A worker ant (D:4)
  Robin (D:4)
  3 adders
  8 gnolls
  3 worms (D:2)
  3 dart slugs
  A leopard gecko (D:2)
  15 orcs
  4 giant cockroaches
  10 hobgoblins
  5 jackals
  3 kobolds
  2 quokkas (D:3)
  2 ball pythons
  8 bats
  6 frilled lizards
  13 goblins
  7 rats
  A lurking horror (Abyss:1)
105 creatures vanquished.

Vanquished Creatures (others)
  A worm (D:4)
  An orc (D:4)
  A hobgoblin (D:4)
  A frilled lizard (D:4)
  3 goblins (D:4)
  A leopard gecko skeleton (D:4)
8 creatures vanquished.

Grand Total: 113 creatures vanquished

Notes
Turn   | Place    | Note
-------+----------+-------------------------------------------
     0 | D:1      | tsouns the Gnoll Fighter began the quest for the Orb.
     0 | D:1      | Reached XP level 1. HP: 23/23 MP: 1/1
   206 | D:1      | Reached XP level 2. HP: 24/29 MP: 2/2
   683 | D:2      | Noticed a scorpion
   701 | D:2      | Killed a scorpion
   701 | D:2      | Reached skill level 1 in Short Blades
   701 | D:2      | Reached skill level 1 in Long Blades
   701 | D:2      | Reached skill level 1 in Maces & Flails
   701 | D:2      | Reached skill level 1 in Polearms
   701 | D:2      | Reached skill level 1 in Staves
   701 | D:2      | Reached skill level 1 in Slings
   701 | D:2      | Reached skill level 1 in Bows
   701 | D:2      | Reached skill level 1 in Crossbows
   701 | D:2      | Reached skill level 1 in Throwing
   701 | D:2      | Reached skill level 1 in Dodging
   701 | D:2      | Reached skill level 1 in Stealth
   701 | D:2      | Reached skill level 1 in Unarmed Combat
   701 | D:2      | Reached skill level 1 in Spellcasting
   701 | D:2      | Reached skill level 1 in Invocations
   701 | D:2      | Reached skill level 1 in Evocations
   701 | D:2      | Reached XP level 3. HP: 3/35 MP: 2/4
   701 | D:2      | Reached XP level 4. HP: 4/41 MP: 2/5
   705 | D:2      | HP: 2/41 [poisoned by a scorpion]
  1095 | D:2      | Reached skill level 1 in Conjurations
  1095 | D:2      | Reached skill level 1 in Hexes
  1095 | D:2      | Reached skill level 1 in Charms
  1095 | D:2      | Reached skill level 1 in Summonings
  1095 | D:2      | Reached skill level 1 in Necromancy
  1095 | D:2      | Reached skill level 1 in Translocations
  1095 | D:2      | Reached skill level 1 in Transmutations
  1095 | D:2      | Reached skill level 1 in Fire Magic
  1095 | D:2      | Reached skill level 1 in Ice Magic
  1095 | D:2      | Reached skill level 1 in Air Magic
  1095 | D:2      | Reached skill level 1 in Earth Magic
  1095 | D:2      | Reached skill level 1 in Poison Magic
  1105 | D:2      | Reached XP level 5. HP: 15/47 MP: 6/6
  1839 | D:3      | Reached XP level 6. HP: 33/53 MP: 8/8
  2013 | D:3      | Noticed Sigmund
  2026 | D:3      | Killed Sigmund
  2026 | D:3      | Reached skill level 5 in Axes
  2119 | D:3      | Reached XP level 7. HP: 45/59 MP: 10/10
  2647 | D:4      | Noticed Pikel
  2660 | D:4      | Killed Pikel
  2660 | D:4      | Reached XP level 8. HP: 36/67 MP: 10/12
  3197 | D:4      | Noticed Robin
  3212 | D:4      | Killed Robin
  3373 | D:4      | Found a runed door.
  3378 | D:4      | Noticed Crazy Yiuf
  3385 | D:4      | Cast into level 1 of the Abyss (Crazy Yiuf)
  3467 | Abyss:1  | Noticed a bone dragon
  3468 | Abyss:1  | Noticed a spatial maelstrom
  3476 | Abyss:1  | Slain by a bone dragon

Vault maps used:
D:1:      dpeg_arrival_central, hex_intersection
D:3:      first_ration, uniq_sigmund
D:4:      uniq_crazy_yiuf_cottage, uniq_robin, uniq_pikel

Skill      XL: |  1  2  3  4  5  6  7 |
---------------+----------------------+-----
Short Blades   | 1 2 3 |  3.1
Long Blades    | 1 2 3 |  3.1
Maces & Flails | 1 2 3 |  3.1
Polearms       | 1 2 3 |  3.1
Staves         | 1 2 3 |  3.1
Slings         | 1 2 3 |  3.1
Bows           | 1 2 3 |  3.1
Crossbows      | 1 2 3 |  3.1
Throwing       | 1 2 3 |  3.1
Dodging        | 1 2 3 |  3.1
Stealth        | 1 2 3 |  3.1
Unarmed Combat | 1 2 3 |  3.1
Spellcasting   | 1 2 3 |  3.1
Invocations    | 1 2 3 |  3.4
Evocations     | 1 2 3 |  3.1
Conjurations   | 1 2 |  2.5
Hexes          | 1 2 |  2.5
Charms         | 1 2 |  2.5
Summonings     | 1 2 |  2.5
Necromancy     | 1 2 |  2.5
Translocations | 1 2 |  2.5
Transmutations | 1 2 |  2.5
Fire Magic     | 1 2 |  2.5
Ice Magic      | 1 2 |  2.5
Air Magic      | 1 2 |  2.5
Earth Magic    | 1 2 |  2.5
Poison Magic   | 1 2 |  2.5
Axes           | 5 |  5.5
Fighting       | 7 |  7.3
Armour         | 7 |  7.3
Shields        | 7 |  7.3

Action                   |  1- 3 |  4- 6 |  7- 9 || total
-------------------------+-------+-------+-------++-------
Melee: War axe           |    66 |   140 |   108 ||   314
       Bite              |     7 |    12 |    14 ||    33
  Use: Potion            |     1 |       |     2 ||     3
       Scroll            |       |     6 |     8 ||    14
 Stab: Invisible         |       |       |     3 ||     3
       Sleeping          |       |       |     3 ||     3
  Eat: Chunk             |       |     4 |     5 ||     9
Armor: Scale mail        |    20 |    43 |    10 ||    73
       Leather armour    |       |       |    25 ||    25
Dodge: Dodged            |    13 |    40 |    47 ||   100
Block: Shield            |    29 |    88 |    79 ||   196

Table legend:
 A = Spawn XP
 B = Non-spawn XP
 C = Spawn XP percentage of total XP
 D = Spawn monster count
 E = Non-spawn monster count
 F = Spawn count percentage of total count
 G = Total turns spent on level
                    A         B        C        D         E        F      G
               +---------+---------+-------+---------+---------+-------+---------
         Total |       0 |    1535 |   0.0 |       0 |     103 |   0.0 |  3476
               +---------+---------+-------+---------+---------+-------+---------
           D:1 |       0 |      33 |   0.0 |       0 |      22 |   0.0 |   673
           D:2 |       0 |     174 |   0.0 |       0 |      16 |   0.0 |  1079
           D:3 |       0 |     449 |   0.0 |       0 |      41 |   0.0 |   779
           D:4 |       0 |     879 |   0.0 |       0 |      24 |   0.0 |   854
               +---------+---------+-------+---------+---------+-------+---------
